 Dungeon Crawl Stone Soup version 0.30-a0-782-ge64f9170bb (webtiles) character file.

Game seed: 14706733840244006120

37 mopl the Vexing (level 3, -1/19 HPs)
             Began as a Deep Elf Enchanter on Mar 7, 2023.
             Slain by an adder (3 damage)
             ... on level 1 of the Dungeon.
             The game lasted 00:02:41 (1066 turns).

mopl the Vexing (Deep Elf Enchanter)                Turns: 1066, Time: 00:02:41

Health: -1/19      AC:  2    Str:  5    XL:     3   Next: 23%
Magic:  1/10       EV: 12    Int: 21    God:
Gold:   8          SH:  0    Dex: 15    Spells: 1/9 levels left

rFire   . . .      SeeInvis .    a - +1 dagger
rCold   . . .      Faith    .    (no shield)
rNeg    . . .      Spirit   .    b - +0 robe
rPois   .          Reflect  .    (no helmet)
rElec   .          Harm     .    (no cloak)
rCorr   +          Rampage  .    (no gloves)
Will    .....                    (no boots)
Stlth   +++                      (no amulet)
HPRegen 0.23/turn                o - ring of resist corrosion
MPRegen 0.12/turn                (no ring)

@: lethally poisoned (-1 -> -6)
A: no striking features
a: no special abilities


You were on level 1 of the Dungeon.
You visited 1 branch of the dungeon, and saw 2 of its levels.

You collected 8 gold pieces.

Inventory:

Hand Weapons
 a - a +1 dagger (weapon)
Missiles
 j - a throwing net
Armour
 b - a +0 robe (worn)
 r - a +0 kite shield
Jewellery
 o - a ring of resist corrosion (left hand)
Scrolls
 h - 2 scrolls of identify {unknown}
 i - a scroll of magic mapping {unknown}
 k - a scroll of blinking {unknown}
 m - a scroll of fog {unknown}
 p - a scroll of teleportation {unknown}
 q - a scroll of torment {unknown}
Potions
 c - 2 potions of invisibility
 d - a potion of brilliance {unknown}
 e - a potion of haste {unknown}
 f - a potion of mutation {unknown}
 g - a potion of might {unknown}
 l - 2 potions of heal wounds {unknown}
 n - 2 potions of degeneration {unknown}


   Skills:
 + Level 1.8 Short Blades
 - Level 2.4 Dodging
 + Level 4.1 Stealth
 + Level 0.1 Shields
 + Level 3.6 Spellcasting
 + Level 4.5 Hexes


You had one spell level left.
You knew the following spells:

 Your Spells              Type           Power      Damage    Failure   Level
b - Ensorcelled Hibernat  Hex/Ice        26%        N/A       8%          2
c - Confusing Touch       Hex            22%        N/A       6%          3
d - Tukima's Dance        Hex            22%        N/A       6%          3

Your spell library contained the following spells:

 Spells                   Type           Power      Damage    Failure   Level
 Dazzling Flash           Conj/Hex       26%        N/A       16%         3


Dungeon Overview and Level Annotations

Branches:
Dungeon (2/15)

Altars:

Annotations:
D:2 Robin


Message History

You kill the goblin!
Casting: Ensorcelled Hibernation (safe; 8% risk of failure)
Confirm with . or Enter, or press ? or * to list all spells.
Aiming: Ensorcelled Hibernation (safe; 8% risk of failure)
Press: ? - help, Shift-Dir - straight line, f - goblin
Aim: a goblin, wielding a +0 dagger (chance to affect: 64%)
The goblin struggles to resist.
The goblin barely misses you.
Casting: Ensorcelled Hibernation (safe; 8% risk of failure)
Confirm with . or Enter, or press ? or * to list all spells.
Aiming: Ensorcelled Hibernation (safe; 8% risk of failure)
Press: ? - help, Shift-Dir - straight line, f/p - goblin
Aim: a goblin, wielding a +0 dagger (chance to affect: 64%)
The goblin struggles to resist.
The goblin hits you with a +0 dagger.
* * * LOW HITPOINT WARNING * * *
You closely miss the goblin. The goblin misses you.
You closely miss the goblin. The goblin closely misses you.
You closely miss the goblin. The goblin misses you.
You hit the goblin.
The goblin is heavily wounded.
The goblin misses you.
You hit the goblin.
You kill the goblin!
Casting: Ensorcelled Hibernation (safe; 8% risk of failure)
Confirm with . or Enter, or press ? or * to list all spells.
Aiming: Ensorcelled Hibernation (safe; 8% risk of failure)
Press: ? - help, Shift-Dir - straight line, f - adder
Aim: an adder (chance to affect: 55%)
The adder resists with significant effort.
The adder barely misses you. x2
You barely miss the adder. The adder misses you.
You completely miss the adder. The adder closely misses you.
You miss the adder. The adder bites you.
* * * LOW HITPOINT WARNING * * *
You are lethally poisoned!
The adder poisons you!
You hit the adder.
The adder is moderately wounded.
* * * LOW HITPOINT WARNING * * *
You feel sick. The adder bites you.
You die...

#..# #.# #..############.####
#................†.#
#..############.##†##
#########>.# #.#~~~#
#......)...# #.~~~♣♣
#.#######..# #♣P~~~♣♣ #.#
##.#).############P~~♣P~♣ #.#
##.#....S@........♣PP~~~~~ #.#
#.#...########.##~♣~P♣~~♣~ #.#
##...#########.##~♣~~~~P~~
#.#####.##..........~♣~~~~~~~P
#..>.....#.#####.#.#♣~~~♣≈≈~~~
#######..#.# #.#.#♣♣~~~≈≈≈≈~
#..#.# #.#.#♣♣~~≈≈≈≈~≈
#..#.#####.#.♣♣~~≈≈≈≈≈≈≈
#............♣P~~≈≈≈≈≈≈≈


You could see an adder.

Vanquished Creatures
  2 ball pythons (D:1)
  6 bats (D:1)
  An endoplasm (D:1)
  7 hobgoblins
  3 jackals (D:1)
  3 kobolds (D:1)
  5 frilled lizards
  4 goblins (D:1)
  2 rats (D:1)
33 creatures vanquished.

Vanquished Creatures (others)
  9 plants (D:1)
9 creatures vanquished.

Grand Total: 42 creatures vanquished

Notes
Turn   | Place    | Note
-------+----------+-------------------------------------------
     0 | D:1      | mopl the Deep Elf Enchanter began the quest for the Orb.
     0 | D:1      | Reached XP level 1. HP: 10/10 MP: 6/6
   233 | D:1      | Reached XP level 2. HP: 15/15 MP: 8/8
   236 | D:1      | Learned a level 2 spell: Ensorcelled Hibernation
   489 | D:1      | Reached skill level 4 in Stealth
   871 | D:2      | Noticed Robin
   885 | D:1      | Reached XP level 3. HP: 12/19 MP: 2/10
  1037 | D:1      | Learned a level 3 spell: Tukima's Dance
  1041 | D:1      | Learned a level 3 spell: Confusing Touch
  1066 | D:1      | Slain by an adder

Illustrated notes

Levels and vault maps discovered:
D:1:      scummos_arrival_gate, layout_loops_ring, serial_bayou_lake_a
D:2:      layout_loops_ring, uniq_robin

Skill      XL: |  1  2 |
---------------+-------+-----
Stealth        | 4 |  4.1
Short Blades   | |  1.8
Dodging        | |  2.4
Shields        | |  0.1
Spellcasting   | |  3.6
Hexes          | |  4.5

Action                     || total
---------------------------++-------
  Melee: Dagger            ||   108
         Punch             ||     1
   Cast: Ensorcelled Hiber ||    19
   Stab: Sleeping          ||    12
 Armour: Robe              ||    22
  Dodge: Dodged            ||   112

Table legend: (Time is in decaauts)
 A = Elapsed time spent in this place.
 B = Non-inter-level travel time spent in this place.
 C = Inter-level travel time spent in this place.
 D = Time resting spent in this place.
 E = Time spent auto-exploring this place.
 F = Levels seen in this place.
 G = Mean time per level.
                   A        B        C        D        E       F      G
               +--------+--------+--------+--------+--------+-----+--------+
         Total |   1086 |   1039 |     47 |    120 |    610 |   2 |  543.0 |
       Dungeon |   1086 |   1039 |     47 |    120 |    610 |   2 |  543.0 |
               +--------+--------+--------+--------+--------+-----+--------+

Top non-repeatable levels by time:
     D:1: 1021 daAuts
     D:2: 64 daAuts
